 Dungeon Crawl Stone Soup version 0.21-a0-404-g291f19a (webtiles) character file.

4 Insomnius the Skirmisher (level 1, 0/21 HPs)
             Began as a Naga Berserker on Oct 29, 2017.
             Was a Follower of Trog.
             Slain by a goblin
             ... wielding a +0 club
              (1 damage)
             ... on level 1 of the Dungeon.
             The game lasted 00:06:30 (473 turns).

Insomnius the Skirmisher (Naga Berserker)            Turns: 473, Time: 00:06:30

Health: 0/21       AC:  1    Str: 19    XL:     1   Next: 70%
Magic:  1/1        EV: 10    Int:  7    God:    Trog [*.....]
Gold:   38         SH:  0    Dex: 10    Spells: 0/0 levels left

rFire    . . .     SeeInvis +   a - +0 falchion
rCold    . . .     Gourm    .   (no shield)
rNeg     . . .     Faith    .   d - +0 robe
rPois    +         Spirit   .   (no helmet)
rElec    .         Reflect  .   (no cloak)
rCorr    .         Harm     .   (no gloves)
MR       .....                  (no barding)
Stlth    +.........             (no amulet)
HPRegen  0.07/turn              (no ring)
MPRegen  0.07/turn              (no ring)

@: very slow
A: see invisible, deformed body, poison resistance, slowness 2, slow metabolism
1, spit poison 1, AC +0
a: Spit Poison, Berserk, Burn Spellbooks, Renounce Religion


You were on level 1 of the Dungeon.
You worshipped Trog.
Trog was aware of your devotion.
You were not hungry.

You visited 1 branch of the dungeon, and saw 1 of its levels.

You collected 38 gold pieces.

Inventory:

Hand Weapons
 a - a +0 falchion (weapon)
Armour
 b - a +0 animal skin
 d - a +0 robe (worn)
Jewellery
 f - an uncursed ring of positive energy {unknown}
Scrolls
 e - a scroll of enchant weapon {unknown}
Comestibles
 c - a bread ration


   Skills:
 + Level 3.2 Fighting
 + Level 3.1 Long Blades
 - Level 1.5 Armour
 - Level 1.5 Dodging


You couldn't memorise any spells.
You didn't know any spells.

Dungeon Overview and Level Annotations

Branches:
Dungeon (1/15)

Altars:


Innate Abilities, Weirdness & Mutations

You cannot wear boots.
Your serpentine skin is tough. (AC +0)
You have supernaturally acute eyesight. (SInv)
Armour fits poorly on your strangely shaped body.
Your system is resistant to poisons. (rPois)
You cover ground very slowly.
You have a slow metabolism.
You can spit poison.


Message History

The hobgoblin hits you with a club.
* * * LOW HITPOINT WARNING * * *
The bat barely misses you.
You riposte.
You barely miss the bat.
You swing at nothing.
The bat hits you.
* * * LOW HITPOINT WARNING * * *
The goblin barely misses you. The hobgoblin misses you.
You hit the bat.
The bat is severely wounded.
The bat hits you.
* * * LOW HITPOINT WARNING * * *
The goblin hits you but does no damage. The hobgoblin barely misses you.
You riposte.
You hit the hobgoblin.
You kill the hobgoblin!
Trog accepts your kill.
You swing at nothing.
The bat hits you.
* * * LOW HITPOINT WARNING * * *
The bat hits you.
* * * LOW HITPOINT WARNING * * *
The goblin hits you with a club.
You die...

......#.....#....##.#......#
#+##..#..#.##....##.#......#
#. #..#..+.......+......# ##
##.#..#.......#.....##
..........#........#
.#.#................#
...#+###+##.........#
.........)!..........
......b@).##...##....
........g.##...##..>.
#.#.####......... .. ..
#.......... # #...........
............ .........
.......... ..........


You could see a goblin and a bat.

Vanquished Creatures
  2 hobgoblins (D:1)
  A kobold (D:1)
  A rat (D:1)
4 creatures vanquished.

Notes
Turn   | Place    | Note
-------+----------+-------------------------------------------
     0 | D:1      | Insomnius the Naga Berserker began the quest for the Orb.
     0 | D:1      | Reached XP level 1. HP: 21/21 MP: 1/1
   473 | D:1      | HP: 1/21 [bat (1)]
   473 | D:1      | Slain by a goblin

Vault maps used:
D:1:      ncdulo_lavacross

Action                   || total
-------------------------++-------
Melee: Falchion          ||    10
Armor: Robe              ||     6
       Animal skin       ||     1
Dodge: Dodged            ||    29
       Rpst.: Falchion   ||    15

Table legend:
 A = Spawn XP
 B = Non-spawn XP
 C = Spawn XP percentage of total XP
 D = Spawn monster count
 E = Non-spawn monster count
 F = Spawn count percentage of total count
 G = Total turns spent on level
                    A         B        C        D         E        F      G
               +---------+---------+-------+---------+---------+-------+---------
         Total |       0 |       7 |   0.0 |       0 |       4 |   0.0 |   473
               +---------+---------+-------+---------+---------+-------+---------
           D:1 |       0 |       7 |   0.0 |       0 |       4 |   0.0 |   473
               +---------+---------+-------+---------+---------+-------+---------
